 Dungeon Crawl Stone Soup version 0.32-a0-643-ga006e7742e (webtiles) character file.

Game seed: 16584234711447570208

34778 runemasterragnar the Fighter (level 13, 0/98 HPs)
             Began as an Octopode Shapeshifter on Mar 8, 2024.
             Was a High Priest of Wu Jian.
             Slain by a skyshark (11 damage)
             ... on level 3 of the Lair of Beasts.
             The game lasted 00:30:29 (21144 turns).

runemasterragnar the Fighter (OpSh)                Turns: 21144, Time: 00:30:30

Health: 0/98       AC:  1    Str: 17    XL:     13   Next: 79%
Magic:  17/17      EV: 15    Int: 13    God:    Wu Jian [*****.]
Gold:   964        SH: 16    Dex: 12    Spells: 16/17 levels left

rFire   . .          .
                       - Unarmed
rCold   + . .        r - +1 kite shield
rNeg    . . .        (helmet currently unavailable)
rPois   .            h - amulet of reflection
rElec   .            v - ring of protection from cold
rCorr   +            u - ring of resist corrosion
SInv    .            (no ring)
Will    .....        (no ring)
Stlth   ++++++       (no ring)
HPRegen 0.36/turn    (no ring)
MPRegen 0.15/turn    (no ring)
                     (no ring)

%: reflection
@: lethally poisoned (0 -> -26), beast-form
A: beast (slay +2), almost no armour, amphibious, 8 rings, camouflage 1,
gelatinous body 1, (nimble swimmer 1), tentacles
a: Begin Untransformation, Renounce Religion, Wall Jump, Serpent's Lash,
Heavenly Storm


You were on level 3 of the Lair of Beasts.
You worshipped Wu Jian.
Wu Jian was extremely pleased with you.
You were a hulking beast.
You visited 3 branches of the dungeon, and saw 16 of its levels.
You also visited: Sewer.

You collected 964 gold pieces.

Inventory:

Missiles
 k - 20 boomerangs
 l - 4 javelins
 p - 57 poisoned darts (quivered)
 y - 2 curare-tipped darts
 D - 11 atropa-tipped darts
 I - 2 throwing nets
Armour
 o - a +0 tower shield
 r - a +1 kite shield (worn)
Magical Staves
 e - a staff of fire
 m - a staff of alchemy
Jewellery
 h - an amulet of reflection (around mantle)
 n - an amulet of faith
 t - a ring of fire
 u - a ring of resist corrosion (right tentacle)
 v - a ring of protection from cold (left tentacle)
Talismans
 b - a beast talisman (active)
 c - a flux talisman
 B - a serpent talisman
Wands
 w - a wand of iceblast (9)
 x - a wand of flame (35)
 G - a wand of charming (5)
Scrolls
 a - a scroll of silence
 d - 4 scrolls of enchant armour
 g - 3 scrolls of teleportation
 q - 2 scrolls of revelation
 C - 3 scrolls of identify
 E - a scroll of vulnerability
 F - a scroll of immolation
 H - a scroll of amnesia
 J - a scroll of enchant weapon
Potions
 f - a potion of haste
 i - a potion of brilliance
 j - 5 potions of enlightenment
 s - 3 potions of mutation
 z - 4 potions of curing
 A - a potion of cancellation
 M - 2 potions of might
 N - a potion of heal wounds


   Skills:
 + Level 12.8 Fighting
 + Level 8.7 Dodging
 + Level 11.3 Stealth
 + Level 7.8 Shields
 * Level 11.0 Unarmed Combat
 - Level 2.8 Spellcasting
 - Level 4.5 Conjurations
 + Level 7.6 Evocations
 - Level 3.6 Shapeshifting


You had 16 spell levels left.
You knew the following spells:

 Your Spells              Type           Power      Damage    Failure   Level
a - Magic Dart            Conj           52%        1d5       9%          1

Your spell library contained the following spells:

 Spells                   Type           Power      Damage    Failure   Level
 Freeze                   Ice            4%         1d3       47%         1
 Necrotise                Necr           4%         1d4       47%         1
 Sandblast                Erth           2%         2d4       47%         1
 Slow                     Hex            4%         N/A       47%         1
 Dazzling Flash           Conj/Hex       14%        N/A       54%         3
 Hailstorm                Conj/Ice       7%         3d5       54%         3
 Call Imp                 Summ           2%         N/A       63%         2
 Ensorcelled Hibernation  Hex/Ice        2%         N/A       63%         2
 Jinxbite                 Hex            2%         N/A       63%         2
 Sublimation of Blood     Necr           1%         N/A       63%         2
 Frozen Ramparts          Ice            2%         1d1       85%         3
 Fugue of the Fallen      Necr           1%         N/A       85%         3
 Vampiric Draining        Necr           1%         2d6       85%         3
 Volatile Blastmotes      Fire/Tloc      2%         2d10      85%         3
 Anguish                  Hex/Necr       0%         N/A       99%         4
 Martyr's Knell           Necr/Summ      1%         N/A       99%         4
 Vhi's Electric Charge    Tloc/Air       2%         N/A       99%         4
 Arcjolt                  Conj/Air       3%         1d13      99%         5
 Alistair's Intoxication  Alch           0%         N/A       100%        5
 Borgnjor's Vile Clutch   Necr/Erth      0%         N/A       100%        5
 Curse of Agony           Necr           1%         N/A       100%        5
 Yara's Violent Unravell  Hex/Alch       0%         3d3       100%        5
 Eringya's Noxious Bog    Alch           0%         4d6       100%        6
 Plasma Beam              Fire/Air       0%         2x1d10    100%        6
 Starburst                Conj/Fire      3%         6d3       100%        6
 Enfeeble                 Hex            0%         N/A       100%        7
 Summon Hydra             Summ           0%         N/A       100%        7
 Maxwell's Capacitive Co  Air            0%         ∞         100%        8


Dungeon Overview and Level Annotations

Branches:
Dungeon (12/15)            Temple (1/1) D:6            Lair (3/5) D:9
  Swamp (0/4) Lair:2          Orc (0/2) D:10          Sewer (visited)
  Snake: Lair:2-3    Spider: Lair:2-3

Altars:
Ashenzari
Cheibriados
Dithmenos
Elyvilon
Fedhas
Gozag
Hepliaklqana
Kikubaaqudgha
Makhleb
Nemelex Xobeh
Okawaru
Qazlal
Ru
Sif Muna
Trog
Uskayaw
Vehumet
Wu Jian
Xom
Yredelemnul
Zin
The Shining One

Shops:
D:2 !   D:4 *   D:5 (   D:11 :   D:12 :

Portals:
Trove: D:11 (give +6 demon trident)

Annotations:
D:9 1 runed translucent door, Livid's ghost, journeyman CoFi


Innate Abilities, Weirdness & Mutations

You are a hulking beast.
Your limbs bulge with bestial killing power. (Slay +2)
You cannot wear most types of armour.
You are amphibious.
You can wear up to eight rings at the same time.
Your skin changes colour to match your surroundings (Stealth+).
Your rubbery body absorbs attacks. (AC +1, EV +1)
((You are camouflaged when in or above water. (Stealth+)))
You have tentacles for arms and can constrict up to eight enemies at once.


Message History

Unknown command.
Okay, then.
The skyshark is engulfed in poison gas.
The skyshark looks even sicker.
Okay, then.
Okay, then.
Aiming: Wall Jump
Press: ? - help, Dir - move target You are engulfed in poison gas.
You are poisoned.
You feel extremely sick.
The skyshark is engulfed in poison gas.
The skyshark looks even sicker.
The skyshark looks as sick as possible!
You are engulfed in poison gas.
You are more poisoned.
* * * LOW HITPOINT WARNING * * *
x2 You feel very sick.
The skyshark is engulfed in poison gas.
The skyshark looks as sick as possible!
The skyshark is engulfed in poison gas.
The skyshark looks as sick as possible!
The skyshark completely misses you. The skyshark tail-slaps you!
* * * LOW HITPOINT WARNING * * *
The skyshark barely misses you.
Okay, then.
You feel better.
You are engulfed in poison gas.
You are lethally poisoned!
* * * LOW HITPOINT WARNING * * *
x2 You feel very sick.
The skyshark is engulfed in poison gas.
The skyshark looks as sick as possible!
The skyshark barely misses you. You block the skyshark's attack. x2
The skyshark is engulfed in poison gas.
The skyshark looks as sick as possible!
You block the skyshark's attack. The skyshark tail-slaps you.
* * * LOW HITPOINT WARNING * * *
The skyshark closely misses you.
You feel much better.
You are engulfed in poison gas.
You are lethally poisoned!
* * * LOW HITPOINT WARNING * * *
x2 You feel extremely sick.
The skyshark is engulfed in poison gas.
The skyshark looks as sick as possible!
The skyshark barely misses you. You block the skyshark's attack.
The skyshark tail-slaps you!
You die... #.. #...## ##§###..#.# #§§#§#..### #§§..§....# #§§.§#....#### ##.#.........# PPP

##§§###§§§...## ...
#☼§F.....☼....## ...
#§☼h...........# ♣.♣
#§§§..........## ♣.♣
#§§☼..........## ♣.♣
#§§§.....†....P# ♣.♣
#§§☼..........P#
##########.###.............##
..............#......#######
.........P.#..#.#....#
.....................#


You could see a skyshark (berserk, extremely poisoned).

Vanquished Creatures
  2 ghost crabs (Lair:2)
  A centaur warrior (D:10)
  A boulder beetle (D:11)
  3 two-headed ogres
  An ugly thing (D:12)
  A deep elf pyromancer (D:12)
  A meliai (D:10)
  2 cyclopes (D:12)
  A black mamba (Lair:3)
  9 cane toads
  A kobold demonologist (D:12)
  7 komodo dragons
  A troll (D:10)
  A polar bear (Lair:1)
  19 blink frogs
  Grinder (Sewer)
  A vampire (D:10)
  2 water elementals (D:11)
  2 wyverns
  48 yaks
  A wraith (D:12)
  Menkaure (D:4)
  A spectral cane toad (Lair:2)
  An acid dragon (D:11)
  8 water moccasins
  A spectral yak (Lair:2)
  A sky beast (D:8)
  An ogre (D:4)
  2 black bears (D:9)
  5 orc warriors
  23 wolves
  2 centaurs
  2 phantoms
  6 kobold brigands
  10 bullfrogs
  3 gnoll sergeants (D:10)
  6 scorpions
  3 wights (D:9)
  4 killer bees (D:8)
  5 howler monkeys
  3 electric eels
  2 bombardier beetles (D:5)
  2 jellies
  5 orc priests
  A hound (D:6)
  2 iguanas (D:6)
  7 orc wizards
  5 hell rats (Lair:2)
  6 gnolls
  8 adders
  2 river rats (D:5)
  2 shadow imps (Sewer)
  2 white imps (D:7)
  2 ufetubi (Sewer)
  3 ribbon worms (D:5)
  2 dart slugs
  44 orcs
  12 ball pythons
  7 bats
  9 endoplasms
  5 giant cockroaches
  8 goblins
  10 hobgoblins
  34 kobolds
  5 quokkas
  7 frilled lizards
  A giant cockroach zombie (Sewer)
  2 kobold zombies (Sewer)
  11 rats
400 creatures vanquished.

Vanquished Creatures (others)
  A kobold (D:8)
1 creature vanquished.

Grand Total: 401 creatures vanquished

Notes
Turn   | Place    | Note
-------+----------+-------------------------------------------
     0 | D:1      | runemasterragnar the Octopode Shapeshifter began the quest
                  | for the Orb.
     0 | D:1      | Reached XP level 1. HP: 13/13 MP: 1/1
    59 | D:1      | Reached XP level 2. HP: 17/18 MP: 2/2
   131 | D:1      | Reached skill level 1 in Stealth
   243 | D:1      | Reached XP level 3. HP: 23/23 MP: 3/3
   697 | D:1      | Got A Beginning Course on the Transmundane Truths
  1246 | D:2      | Found Viasom's Distillery.
  2087 | D:3      | Reached XP level 4. HP: 28/28 MP: 4/4
  2106 | D:3      | Found a faded altar of an unknown god.
  2714 | D:3      | Noticed a scorpion
  2725 | D:3      | Killed a scorpion
  2726 | D:3      | Reached skill level 2 in Fighting
  2726 | D:3      | Reached XP level 5. HP: 26/34 MP: 5/5
  2775 | D:3      | Noticed a centaur
  2792 | D:3      | Killed a centaur
  2930 | D:3      | Reached XP level 6. HP: 39/39 MP: 6/6
  3151 | D:4      | Learned a level 1 spell: Magic Dart
  3256 | D:4      | Reached skill level 1 in Conjurations
  3352 | D:4      | Found Faluph's Serpentskin Sales.
  3862 | D:4      | Reached skill level 1 in Shields
  3862 | D:4      | Reached skill level 1 in Spellcasting
  3990 | D:4      | Noticed Menkaure
  3997 | D:4      | Killed Menkaure
  3998 | D:4      | Reached XP level 7. HP: 45/45 MP: 8/8
  4008 | D:4      | Reached skill level 3 in Fighting
  4262 | D:5      | Entered Level 5 of the Dungeon
  4359 | D:5      | Found a glowing drain.
  4364 | Sewer    | Entered a sewer
  4453 | Sewer    | Reached XP level 8. HP: 25/52 MP: 9/11
  4459 | Sewer    | Found an ancient bone altar of Kikubaaqudgha.
  4616 | Sewer    | Noticed Grinder
  4625 | Sewer    | Killed Grinder
  4891 | D:5      | Reached skill level 5 in Stealth
  4898 | D:5      | Found Vesallot's Weapon Shop.
  5023 | D:5      | Found a shimmering blue altar of Sif Muna.
  5595 | D:6      | Reached skill level 4 in Fighting
  5962 | D:6      | Found a staircase to the Ecumenical Temple.
  5987 | Temple   | Entered the Ecumenical Temple
  5997 | Temple   | Became a worshipper of the Wu Jian Council
  6838 | D:7      | Found a sparkling altar of Nemelex Xobeh.
  6875 | D:7      | Found a stormy altar of Qazlal.
  7033 | D:7      | Reached XP level 9. HP: 53/58 MP: 13/13
  7076 | D:7      | Reached skill level 5 in Unarmed Combat
  7076 | D:7      | Reached skill level 1 in Evocations
  7824 | D:7      | Reached skill level 5 in Dodging
  7934 | D:8      | Found a blossoming altar of Fedhas.
  7949 | D:8      | Found a broken altar of Ashenzari.
  8664 | D:8      | Reached * piety under Wu Jian
  8669 | D:8      | Reached skill level 5 in Fighting
  9313 | D:9      | Found a runed translucent door.
  9313 | D:9      | Noticed Livid's ghost (journeyman CoFi)
  9316 | D:9      | Found an ancient bone altar of Kikubaaqudgha.
  9327 | D:9      | Reached XP level 10. HP: 40/66 MP: 14/14
  9845 | D:9      | Found a staircase to the Lair.
 10102 | D:9      | Reached ** piety under Wu Jian
 10265 | D:10     | Entered Level 10 of the Dungeon
 10334 | D:10     | Reached skill level 11 in Fighting
 10334 | D:10     | Reached XP level 11. HP: 43/83 MP: 15/15
 10686 | D:10     | Reached skill level 5 in Shields
 11794 | D:10     | HP: 2/84 [troll (14)]
 12176 | D:10     | Found a staircase to the Orcish Mines.
 12288 | D:10     | Noticed a two-headed ogre
 12300 | D:10     | Killed a two-headed ogre
 12695 | D:10     | Noticed a centaur warrior
 12732 | D:10     | Noticed a fire dragon
 12756 | D:10     | a water moccasin changed into a harpy
 12756 | D:10     | Noticed a harpy (shapeshifter)
 12765 | D:10     | Killed a centaur warrior
 12765 | D:10     | a harpy changed into a troll
 12766 | D:10     | Reached skill level 5 in Evocations
 12766 | D:10     | Reached XP level 12. HP: 21/90 MP: 16/16
 13028 | D:11     | Noticed a two-headed ogre
 13039 | D:11     | Killed a two-headed ogre
 13193 | D:11     | Found Robyces's Self-Improvement Boutique.
 13195 | D:11     | Noticed a boulder beetle
 13207 | D:11     | HP: 4/91 [water elemental (5)]
 13241 | D:11     | Killed a boulder beetle
 13886 | D:11     | Reached *** piety under Wu Jian
 14227 | D:11     | Found a portal to a secret trove of treasure.
 14312 | D:11     | Noticed a two-headed ogre
 14320 | D:11     | Killed a two-headed ogre
 14724 | D:12     | Found Itiga's Book Emporium.
 14732 | D:12     | Reached skill level 12 in Fighting
 14808 | D:12     | Found a runed translucent door.
 15432 | D:12     | Noticed a tentacled monstrosity
 15443 | D:12     | Noticed a cyan very ugly thing
 15533 | Lair:1   | Entered Level 1 of the Lair of Beasts
 15758 | Lair:1   | Reached skill level 10 in Stealth
 16674 | Lair:1   | Reached XP level 13. HP: 97/98 MP: 17/17
 16693 | Lair:1   | Reached skill level 10 in Unarmed Combat
 17479 | Lair:2   | Reached **** piety under Wu Jian
 19060 | Lair:2   | Found a staircase to the Swamp.
 20897 | Lair:3   | Reached ***** piety under Wu Jian
 21144 | Lair:3   | Slain by a skyshark

Illustrated notes

Levels and vault maps discovered:
D:1:      tekkud_arrival_beachfront_property, layout_basic
D:2:      layout_basic, serial_shops, shop, kennysheep_generic_room_13
D:3:      layout_rooms, shapermc_ecumenical_altar_flowoftime
D:4:      layout_basic, amcnicky_mini_pool_small, guppyfry_shop_venom,
          uniq_menkaure
D:5:      layout_cave_pools, lemuel_crystal_altar, lightli_sewer_entry_pipes,
          serial_shops, nicolae_shop_bloodbath_and_beyond, serial_bayou_lagoon_b
D:6:      layout_layer_cave, minmay_temple_entry_stoned_glass, uniq_grinder
D:7:      layout_basic, nemelex_xobeh_ov_fountains_minmay,
          nicolae_qazlal_general_emergency, eino_tiny_chamber,
          minmay_misc_feat_ornament
D:8:      layout_rooms, overflow_temple_1_default,
          mainiacjoe_overflow_tiny_flanked, blue_anna_alchemist,
          nicolae_zig_zag_zippers
D:9:      layout_rooms, overflow_temple_1_default, david_lair_generic,
          hellmonk_ghost_happy_afterlife
D:10:     layout_basic, kennysheep_orc_monster_closet_entryway,
          hangedman_glass_teeth, minmay_diamond_spiral
D:11:     layout_basic, enter_trove_3, nicolae_shop_self_help
D:12:     cheibrodos_body_horror, layout_rooms, serial_shops,
          nicolae_shop_temple_entry_statues_fountains
Temple:   lightli_temple_of_artemis
Lair:1:   layout_regular_city, dpeg_stationary_puzzle
Lair:2:   layout_gridlike, nicolae_swamp_entry_spooky, grunt_megastairs_4
Lair:3:   nzn_winding_woodlands_huge [nzn_winding_woodlands_5x15_garden,
          nzn_winding_woodlands_5x15_parted, nzn_winding_woodlands_5x15_eye,
          nzn_winding_woodlands_5x15_default,
          nzn_winding_woodlands_5x15_longhouse, nzn_winding_woodlands_5x15_pool,
          nzn_winding_woodlands_5x15_twine, nzn_winding_woodlands_5x15_sawtooth,
          nzn_winding_woodlands_5x15_river_crossing,
          nzn_winding_woodlands_5x15_sidewinder,
          nzn_winding_woodlands_center_diamonds,
          nzn_winding_woodlands_center_pierced_h,
          nzn_winding_woodlands_15x15_killbox], layout_gridlike,
          nicolae_spider_entry_lesser_pyramids

Skill      XL: |  1  2  3  4  5  6  7  8  9 10 11 12 13 |
---------------+----------------------------------------+-----
Stealth        | 1 2 3 4 5 7 8 10 11 | 11.3
Fighting       | 2 3 4 5 11 12 | 12.8
Unarmed Combat | 4 6 7 8 9 11 | 11.0
Dodging        | 3 4 5 6 7 8 |  8.7
Conjurations   | 2 3 4 |  4.5
Shields        | 1 2 3 4 5 6 7 |  7.8
Spellcasting   | 1 2 |  2.8
Evocations     | 3 4 5 6 7 |  7.6
Shapeshifting  | |  3.6

Action                     |  1- 3 |  4- 6 |  7- 9 | 10-12 | 13-15 || total
---------------------------+-------+-------+-------+-------+-------++-------
  Melee: Unarmed           |    74 |    73 |   272 |   379 |   271 ||  1069
         Constrict         |    22 |    12 |    73 |    36 |    47 ||   190
         Tentacles         |    11 |    11 |    59 |   101 |    83 ||   265
         Punch             |     1 |     2 |    10 |    26 |    25 ||    64
  Throw: Boomerang         |     5 |     7 |     3 |     2 |       ||    17
         Dart              |       |       |       |   164 |     1 ||   165
   Cast: Magic Dart        |       |       |     5 |       |       ||     5
 Invoke: Serpent's Lash    |       |       |       |     1 |       ||     1
Ability: Lunge             |       |       |    17 |    18 |    11 ||    46
         Whirlwind         |       |       |       |     5 |     7 ||    12
         Wall Jump         |       |       |       |       |     2 ||     2
  Evoke: Wand              |       |       |     5 |     6 |    14 ||    25
    Use: Scroll            |     5 |       |    13 |     3 |     3 ||    24
         Potion            |       |     1 |     3 |    12 |     3 ||    19
   Stab: Sleeping          |    11 |     8 |    18 |     6 |     7 ||    50
         Distracted        |       |       |     1 |     1 |       ||     2
 Armour: Skin              |    17 |    34 |   107 |   163 |   103 ||   424
  Dodge: Dodged            |    39 |    42 |    80 |   136 |   102 ||   399
  Block: Other             |     4 |     9 |       |       |       ||    13
         Kite shield       |       |     7 |   187 |   302 |   225 ||   721
         Reflection        |       |     1 |     8 |     4 |       ||    13

Table legend: (Time is in decaauts)
 A = Elapsed time spent in this place.
 B = Non-inter-level travel time spent in this place.
 C = Inter-level travel time spent in this place.
 D = Time resting spent in this place.
 E = Time spent auto-exploring this place.
 F = Levels seen in this place.
 G = Mean time per level.
                   A        B        C        D        E       F      G
               +--------+--------+--------+--------+--------+-----+--------+
         Total |  21143 |  20604 |    539 |   6560 |  11052 |  17 | 1243.7 |
       Dungeon |  15028 |  14519 |    509 |   4430 |   8060 |  12 | 1252.3 |
        Temple |     18 |     18 |      0 |      0 |      0 |   1 |   18.0 |
          Lair |   5596 |   5566 |     30 |   2130 |   2662 |   3 | 1865.3 |
         Sewer |    499 |    499 |      0 |      0 |    330 |   1 |  499.0 |
               +--------+--------+--------+--------+--------+-----+--------+

Top non-repeatable levels by time:
  Lair:2: 2863 daAuts
    D:10: 2533 daAuts
  Lair:1: 2212 daAuts
    D:11: 1955 daAuts
     D:6: 1246 daAuts
     D:8: 1233 daAuts
     D:4: 1209 daAuts
     D:2: 1187 daAuts
     D:9: 1115 daAuts
     D:3: 1104 daAuts
     D:7: 1098 daAuts
     D:1: 841 daAuts
    D:12: 758 daAuts
     D:5: 744 daAuts
  Lair:3: 520 daAuts
